 Dungeon Crawl Stone Soup version 0.22.1-2-g9c5b331 (webtiles) character file.

16 myga the Firebug (level 2, 0/20 HPs)
             Began as a Ghoul Fire Elementalist on Dec 8, 2018.
             Slain by a gnoll
             ... wielding a cursed +0 spear
              (6 damage)
             ... on level 2 of the Dungeon.
             The game lasted 00:04:59 (1033 turns).

myga the Firebug (Ghoul Fire Elementalist)          Turns: 1033, Time: 00:04:59

Health: 0/20       AC:  3    Str: 11    XL:     2   Next: 58%
Magic:  1/3        EV: 12    Int: 10    God:
Gold:   43         SH:  0    Dex:  9    Spells: 1/4 levels left

rFire    . . .     SeeInvis .   (no weapon)
rCold    + . .     Gourm    .   (no shield)
rNeg     + + +     Faith    .   a - +1 robe
rPois    ∞         Spirit   .   (no helmet)
rElec    .         Reflect  .   (no cloak)
rCorr    .         Harm     .   (no gloves)
MR       .....                  (no boots)
Stlth    ++........             (no amulet)
HPRegen  0.00/turn              (no ring)
MPRegen  0.08/turn              (no ring)

@: rotting
A: rotting body, claws 1, carnivore, cold resistance 1, negative energy
resistance 3, inhibited regeneration, torment resistance, unbreathing
a: no special abilities


You were on level 2 of the Dungeon.
You were not hungry.

You visited 1 branch of the dungeon, and saw 2 of its levels.

You collected 43 gold pieces.

Inventory:

Missiles
 d - 3 stones (quivered)
Armour
 a - a +1 robe (worn)
Scrolls
 b - a scroll of enchant armour
Potions
 e - a potion of curing {unknown}
 f - a potion of lignification {unknown}
Comestibles
 c - 2 rations
 g - a chunk of flesh


   Skills:
 + Level 2.1 Dodging
 + Level 2.2 Stealth
 + Level 0.3 Unarmed Combat
 + Level 1.9 Spellcasting
 + Level 0.8 Conjurations
 + Level 2.7 Fire Magic


You had one spell level left.
You knew the following spells:

 Your Spells              Type           Power        Failure   Level  Hunger
a - Flame Tongue          Conj/Fire      #....        16%         1    ##.....
b - Throw Flame           Conj/Fire      #.....       22%         2    ###....

Your spell library contained the following spells:

 Spells                   Type           Power        Failure   Level  Hunger
 Conjure Flame            Conj/Fire      #.......     41%         3    ####...
 Inner Flame              Hex/Fire       #.......     47%         3    ####...
 Sticky Flame             Conj/Fire      #.......     83%         4    #####..
 Fireball                 Conj/Fire      #.........   99%         5    ######.


Dungeon Overview and Level Annotations

Branches:
Dungeon (2/15)

Altars:


Innate Abilities, Weirdness & Mutations

Your body is rotting away.
You thrive on raw meat.
You are immune to poison.
You have sharp fingernails.
You are carnivorous and can eat meat at any time.
Your flesh is cold resistant. (rC+)
You are immune to negative energy. (rN+++)
You do not regenerate when monsters are visible.
You are immune to unholy pain and torment.
You can survive without breathing.


Message History

You barely miss the hobgoblin.
The hobgoblin is severely wounded.
The hobgoblin hits you but does no damage.
The gnoll closely misses you.
You closely miss the hobgoblin.
The hobgoblin is severely wounded.
The hobgoblin closely misses you.
The gnoll hits you from afar with a spear.
The goblin hits you with a club. The goblin closely misses you.
You open the door. The goblin misses you.
The gnoll hits you from afar with a spear.
* * * LOW HITPOINT WARNING * * *
The hobgoblin closely misses you.
There is an open door here.
Found a stone staircase leading down.
You scratch the goblin.
You kill the goblin!
The gnoll hits you from afar with a spear.
You die...

###+##### #..>.....
#@# ###)#### #..gg..#
#....g.#############
#......##...........
###....##.#.........
####.##.#.########
#######.##.#.# #
#.......##.#.########


You could see 2 gnolls and a hobgoblin.

Vanquished Creatures
  2 bats (D:1)
  2 hobgoblins (D:1)
  4 kobolds
  A ball python (D:1)
  A frilled lizard (D:1)
  4 goblins
  4 rats
18 creatures vanquished.

Notes
Turn   | Place    | Note
-------+----------+-------------------------------------------
     0 | D:1      | myga the Ghoul Fire Elementalist began the quest for the
                  | Orb.
     0 | D:1      | Reached XP level 1. HP: 14/14 MP: 2/2
   341 | D:1      | Reached XP level 2. HP: 20/20 MP: 1/3
   349 | D:1      | Learned a level 2 spell: Throw Flame
  1033 | D:2      | Slain by a gnoll

Skill      XL: |  1  2 |
---------------+-------+-----
Dodging        | 2 |  2.1
Stealth        | |  2.2
Unarmed Combat | |  0.3
Spellcasting   | |  1.9
Conjurations   | |  0.8
Fire Magic     | |  2.7

Action                   || total
-------------------------++-------
Melee: Unarmed           ||    25
 Cast: Flame Tongue      ||    10
       Throw Flame       ||     4
  Use: Scroll            ||     4
 Stab: Sleeping          ||     1
  Eat: Chunk             ||     1
Armor: Robe              ||     6
Dodge: Dodged            ||    23
